APL (24 & UNDER)
KENOSHA KINGFISH @ EL PASO TEXANS
05/17/2030
 
TOP OF THE 1ST
Kenosha Kingfish batting - Pitching for El Paso Texans : RHP Oscar Martin
Pitching: RHP Oscar Martin
Batting: RHB Armando Arellano 0-0: Called Strike
0-1: SINGLE (Line Drive, 4MD)
Batting: LHB Pat Williams 0-0: 2-RUN HOME RUN (Flyball, 89XD), Distance : 423 ft
Batting: LHB Juan Rodríguez 0-0: Swinging Strike
0-1: Ball
1-1: Called Strike
1-2: Ball
2-2: Strikes out swinging
Batting: LHB Justin McCoy 0-0: Called Strike
0-1: Ball
1-1: Ball
2-1: Called Strike
2-2: Foul Ball, location: 2F
2-2: Ball
3-2: Ground out 4-3 (Groundball, 34)
Batting: LHB Harry Davis 0-0: Ball
1-0: Called Strike
1-1: Ball
2-1: Swinging Strike
2-2: Ball
3-2: Foul Ball, location: 2F
3-2: Foul Ball, location: 2F
3-2: Base on Balls
Batting: RHB Juan Escalante 0-0: Ball
1-0: Ball
2-0: Called Strike
2-1: Swinging Strike
2-2: Ball
3-2: Foul Ball, location: 2F
3-2: SINGLE (Flyball, 9LS)
Harry Davis to second
Harry Davis to third
Batting: RHB Jeff Navarro 0-0: Ball
1-0: Fielders Choice at 2nd, 6-4 (Groundball, 6)
Top of the 1st over - 2 runs, 3 hits, 0 errors, 2 left on base; Kenosha 2 - El Paso 0
BOTTOM OF THE 1ST
El Paso Texans batting - Pitching for Kenosha Kingfish : LHP Ángel Rodríguez
Pitching: LHP Ángel Rodríguez
Batting: LHB Mark Spencer 0-0: Foul Ball, location: 2F
0-1: TRIPLE (Flyball, 7LD)
Batting: RHB Cole Boehmer 0-0: Fly out, F9 (Flyball, 9LM)
Runner from 3rd tags up, SCORES, throw made
Batting: RHB Howard Lynch 0-0: Called Strike
0-1: Foul Ball, location: 2F
0-2: Ball
1-2: Ground out 4-3 (Groundball, 4)
Batting: RHB Domingo Morales 0-0: Foul Ball, location: 2F
0-1: Ball
1-1: Ball
2-1: Called Strike
2-2: Foul Ball, location: 2F
2-2: Ground out U3 (Groundball, 3)
Bottom of the 1st over - 1 run, 1 hit, 0 errors, 0 left on base; Kenosha 2 - El Paso 1
TOP OF THE 2ND
Kenosha Kingfish batting - Pitching for El Paso Texans : RHP Oscar Martin
Batting: RHB Warren Strathbogie 0-0: Ground out 6-3 (Groundball, 6)
Batting: SHB José Ayala 0-0: Fly out, F7 (Flyball, 7S)
Batting: RHB Armando Arellano 0-0: Ball
1-0: Foul Ball, location: 2F
1-1: Ball
2-1: SINGLE (Flyball, 8RS)
Batting: LHB Pat Williams 0-0: Called Strike
Armando Arellano steals 2nd base
0-1: Ball
1-1: Foul Ball, location: 2F
1-2: Fly out, F9 (Flyball, 89D)
Top of the 2nd over - 0 runs, 1 hit, 0 errors, 1 left on base; Kenosha 2 - El Paso 1
BOTTOM OF THE 2ND
El Paso Texans batting - Pitching for Kenosha Kingfish : LHP Ángel Rodríguez
Batting: RHB Jim MacAchounich 0-0: Swinging Strike
0-1: Foul Ball, location: 2F
0-2: Ball
1-2: Ball
2-2: Ball
3-2: Foul Ball, location: 2F
3-2: Foul Ball, location: 2F
3-2: Foul Ball, location: 2F
3-2: Fly out, F4 (Line Drive, 4M)
Batting: SHB Oliver Riley 0-0: Ball
1-0: Ball
2-0: Swinging Strike
2-1: Swinging Strike
2-2: Strikes out swinging
Batting: LHB John Fitzgerald 0-0: Foul Ball, location: 2F
0-1: Ball
1-1: Foul Ball, location: 2F
1-2: SOLO HOME RUN (Flyball, 8LD) (Inside the Park)
Batting: LHB Dave Tucker 0-0: Foul Ball, location: 2F
0-1: Swinging Strike
0-2: Strikes out swinging
Bottom of the 2nd over - 1 run, 1 hit, 0 errors, 0 left on base; Kenosha 2 - El Paso 2
TOP OF THE 3RD
Kenosha Kingfish batting - Pitching for El Paso Texans : RHP Oscar Martin
Batting: LHB Juan Rodríguez 0-0: SINGLE (Line Drive, 8RS)
Batting: LHB Justin McCoy 0-0: Called Strike
0-1: SINGLE (Line Drive, 89S)
Juan Rodríguez to second
Runner from 2nd tries for 3rd, SAFE, no throw
Batting: LHB Harry Davis 0-0: Called Strike
0-1: Grounds into double play, 4-6-3 (Groundball, 4)
Juan Rodríguez scores
Batting: RHB Juan Escalante 0-0: Ball
1-0: Foul Ball, location: 2F
1-1: Ball
2-1: Ball
3-1: Base on Balls
Batting: RHB Jeff Navarro 0-0: Called Strike
0-1: Foul Ball, location: 2F
0-2: Ball
1-2: Ball
2-2: Strikes out swinging
Top of the 3rd over - 1 run, 2 hits, 0 errors, 1 left on base; Kenosha 3 - El Paso 2
BOTTOM OF THE 3RD
El Paso Texans batting - Pitching for Kenosha Kingfish : LHP Ángel Rodríguez
Batting: SHB Miguel Hurtado 0-0: Called Strike
0-1: Swinging Strike
0-2: Foul Ball, location: 2F
0-2: Ball
1-2: Foul Ball, location: 2F
1-2: Strikes out swinging
Batting: LHB Mark Spencer 0-0: Bunted foul
0-1: Ball
1-1: Ground out 4-3 (Groundball, 4)
Batting: RHB Cole Boehmer 0-0: Called Strike
0-1: Ball
1-1: Fly out, F7 (Flyball, 78S)
Bottom of the 3rd over - 0 runs, 0 hits, 0 errors, 0 left on base; Kenosha 3 - El Paso 2
TOP OF THE 4TH
Kenosha Kingfish batting - Pitching for El Paso Texans : RHP Oscar Martin
Batting: RHB Warren Strathbogie 0-0: Ball
1-0: Foul Ball, location: 2F
1-1: Ball
2-1: Foul Ball, location: 2F
2-2: Strikes out swinging
Batting: SHB José Ayala 0-0: Called Strike
0-1: Ball
1-1: Swinging Strike
1-2: Ball
2-2: Ball
3-2: Ground out 4-3 (Groundball, 4D)
Batting: RHB Armando Arellano 0-0: Foul Ball, location: 2F
0-1: Ball
1-1: Ball
2-1: Called Strike
2-2: Fly out, F8 (Flyball, 8RXD)
Top of the 4th over - 0 runs, 0 hits, 0 errors, 0 left on base; Kenosha 3 - El Paso 2
BOTTOM OF THE 4TH
El Paso Texans batting - Pitching for Kenosha Kingfish : LHP Ángel Rodríguez
Batting: RHB Howard Lynch 0-0: Called Strike
0-1: Foul Ball, location: 2F
0-2: Ball
1-2: Foul Ball, location: 2F
1-2: Foul Ball, location: 2F
1-2: Ball
2-2: SINGLE (Groundball, 6MD)
Batting: RHB Domingo Morales 0-0: Swinging Strike
0-1: Ball
1-1: Ball
2-1: Ball
3-1: Foul Ball, location: 2F
3-2: Strikes out swinging
Batting: RHB Jim MacAchounich 0-0: SINGLE (Groundball, 6MD)
Howard Lynch to second
Batting: SHB Oliver Riley 0-0: Ball
1-0: Ball
2-0: Foul Ball, location: 2F
2-1: Foul Ball, location: 2F
2-2: Foul Ball, location: 2F
2-2: Strikes out swinging
Batting: LHB John Fitzgerald 0-0: Called Strike
0-1: Ball
1-1: Foul Ball, location: 2F
1-2: Foul Ball, location: 2F
1-2: SINGLE (Flyball, 8LS)
Howard Lynch to third
Jim MacAchounich to second
Batting: LHB Dave Tucker 0-0: Called Strike
0-1: Foul Ball, location: 2F
0-2: Ball
1-2: Foul Ball, location: 2F
1-2: Ball
2-2: Ball
3-2: Ground out 4-3 (Groundball, 4)
Bottom of the 4th over - 0 runs, 3 hits, 0 errors, 3 left on base; Kenosha 3 - El Paso 2
TOP OF THE 5TH
Kenosha Kingfish batting - Pitching for El Paso Texans : RHP Oscar Martin
Batting: LHB Pat Williams 0-0: Foul Ball, location: 2F
0-1: Foul Ball, location: 2F
0-2: Ball
1-2: Foul Ball, location: 2F
1-2: Ball
2-2: SINGLE (Groundball, 34D)
Pitching: LHP Al Atkins
Batting: LHB Juan Rodríguez 0-0: Swinging Strike
0-1: DOUBLE (Line Drive, 9LM)
Pat Williams to third
Batting: LHB Justin McCoy 0-0: Ball
1-0: Ground out 6-3 (Groundball, 6)
Pat Williams scores
Batting: LHB Harry Davis 0-0: Ball
1-0: Called Strike
1-1: Foul Ball, location: 2F
1-2: Ground out 6-3 (Groundball, 6)
Batting: RHB Juan Escalante 0-0: Called Strike
0-1: Ball
1-1: Ball
2-1: Foul Ball, location: 2F
2-2: Ball
3-2: Fly out, F8 (Flyball, 8LXD)
Top of the 5th over - 1 run, 2 hits, 0 errors, 1 left on base; Kenosha 4 - El Paso 2
BOTTOM OF THE 5TH
El Paso Texans batting - Pitching for Kenosha Kingfish : LHP Ángel Rodríguez
Batting: SHB Miguel Hurtado 0-0: Ball
1-0: Called Strike
1-1: Foul Ball, location: 2F
1-2: Foul Ball, location: 2F
1-2: Strikes out swinging
Batting: LHB Mark Spencer 0-0: Ball
1-0: Called Strike
1-1: Ball
2-1: Foul Ball, location: 2F
2-2: Strikes out looking
Batting: RHB Cole Boehmer 0-0: Called Strike
0-1: Ball
1-1: Ball
Error on foul ball, E9
2-2: Ball
3-2: Fly out, F7 (Flyball, 7S)
Bottom of the 5th over - 0 runs, 0 hits, 1 error, 0 left on base; Kenosha 4 - El Paso 2
TOP OF THE 6TH
Kenosha Kingfish batting - Pitching for El Paso Texans : LHP Al Atkins
Batting: RHB Jeff Navarro 0-0: Called Strike
0-1: Ball
1-1: Ball
2-1: Ball
3-1: Base on Balls
Batting: RHB Warren Strathbogie 0-0: Fielders Choice at 2nd, 6-4 (Groundball, 6)
Batting: SHB José Ayala 0-0: Foul Ball, location: 2F
0-1: Ball
1-1: SINGLE (Groundball, 3D)
Warren Strathbogie to second
Runner from 2nd tries for 3rd, SAFE, throw made to third
Batting: RHB Armando Arellano 0-0: Called Strike
0-1: Called Strike
0-2: Strikes out swinging
Batting: LHB Pat Williams 0-0: Ball
1-0: Foul Ball, location: 2F
1-1: Ball
2-1: SINGLE (Line Drive, 78S)
Warren Strathbogie scores
José Ayala to second
Batting: LHB Juan Rodríguez 0-0: Ball
1-0: Called Strike
1-1: Ball
2-1: Ball
3-1: Base on Balls
José Ayala to third
Pat Williams to second
Batting: LHB Justin McCoy 0-0: Ball
1-0: Foul Ball, location: 2F
1-1: Foul Ball, location: 2F
1-2: Fly out, F8 (Line Drive, 8RD)
Top of the 6th over - 1 run, 2 hits, 0 errors, 3 left on base; Kenosha 5 - El Paso 2
BOTTOM OF THE 6TH
El Paso Texans batting - Pitching for Kenosha Kingfish : LHP Ángel Rodríguez
Pitching: RHP Jim Snyder
Batting: RHB Howard Lynch 0-0: Called Strike
0-1: SINGLE (Groundball, 6D)
Batting: RHB Domingo Morales 0-0: Ball
1-0: Ball
2-0: Ball
3-0: Base on Balls
Howard Lynch to second
Batting: RHB Jim MacAchounich 0-0: Ball
1-0: Ball
2-0: Foul Ball, location: 2F
2-1: Ball
3-1: Base on Balls
Howard Lynch to third
Domingo Morales to second
Batting: SHB Oliver Riley 0-0: Ball
1-0: Called Strike
1-1: Foul Ball, location: 2F
1-2: SINGLE (Groundball, P) (infield hit)
Howard Lynch scores
Domingo Morales to third
Jim MacAchounich to second
Batting: LHB John Fitzgerald 0-0: Ball
1-0: Ball
2-0: Called Strike
2-1: Foul Ball, location: 2F
2-2: Ball
3-2: Base on Balls
Domingo Morales scores
Jim MacAchounich to third
Oliver Riley to second
Pitching: RHP Pablo Suárez
Batting: LHB Dave Tucker 0-0: Ball
1-0: SINGLE (Groundball, 3D)
Jim MacAchounich scores
Oliver Riley to third
John Fitzgerald to second
Runner from 3rd tries for Home, SAFE, no throw
Batting: SHB Miguel Hurtado 0-0: Ball
1-0: Ball
2-0: Called Strike
2-1: Ball
3-1: Fly out, F8 (Flyball, 8LM)
Batting: LHB Mark Spencer 0-0: Ball
1-0: Fielders Choice at 2nd, 4-6 (Groundball, 4D)
John Fitzgerald to third
Batting: RHB Cole Boehmer 0-0: Called Strike
0-1: Foul Ball, location: 2F
0-2: Ball
1-2: SINGLE (Line Drive, 89S)
John Fitzgerald scores
Mark Spencer to second
Mark Spencer to third
Batting: RHB Howard Lynch 0-0: Ball
1-0: Swinging Strike
1-1: Swinging Strike
1-2: Foul Ball, location: 2F
1-2: Ball
2-2: Strikes out swinging
Bottom of the 6th over - 5 runs, 4 hits, 0 errors, 2 left on base; Kenosha 5 - El Paso 7
TOP OF THE 7TH
Kenosha Kingfish batting - Pitching for El Paso Texans : LHP Al Atkins
Batting: LHB Harry Davis 0-0: Ball
1-0: Ground out 5-3 (Groundball, 56S)
Batting: RHB Juan Escalante 0-0: Ball
1-0: Swinging Strike
1-1: DOUBLE (Groundball, 5L)
Batting: RHB Jeff Navarro 0-0: Fly out, F7 (Flyball, 78XD)
Runner from 2nd tags up, SAFE at 3rd, no throw
Batting: RHB Warren Strathbogie 0-0: Ball
1-0: Ball
2-0: Ball
3-0: Base on Balls
Pinch Hitting: RHB Millard Ferguson 0-0: Called Strike
0-1: Ball
1-1: Fielders Choice at 2nd, 6-4 (Groundball, 6)
Top of the 7th over - 0 runs, 1 hit, 0 errors, 2 left on base; Kenosha 5 - El Paso 7
BOTTOM OF THE 7TH
El Paso Texans batting - Pitching for Kenosha Kingfish : RHP Pablo Suárez
Now at 1B: Fernando Martínez
Batting: RHB Domingo Morales 0-0: Ball
1-0: Ball
2-0: Ball
3-0: Base on Balls
Batting: RHB Jim MacAchounich 0-0: Ball
1-0: Foul Ball, location: 2F
1-1: Ball
2-1: Foul Ball, location: 2F
2-2: Ball
Throwing error on steal attempt, E2
Domingo Morales to third
3-2: SINGLE (Line Drive, 56D)
Domingo Morales scores
Pitching: RHP Steve Harris
Batting: SHB Oliver Riley Balk!
Jim MacAchounich to second
0-0: Ball
1-0: Called Strike
1-1: Ball
2-1: Foul Ball, location: 2F
2-2: Strikes out swinging
Pitching: LHP Carlos Martínez
Batting: LHB John Fitzgerald 0-0: Swinging Strike
0-1: Ball
1-1: Foul Ball, location: 2F
1-2: Ball
2-2: Ball
3-2: Foul Ball, location: 2F
3-2: SINGLE (Line Drive, 6D)
Jim MacAchounich to third
Batting: LHB Dave Tucker 0-0: Swinging Strike
0-1: Ball
1-1: Foul Ball, location: 2F
1-2: Ball
2-2: Foul Ball, location: 2F
2-2: Strikes out looking
Batting: SHB Miguel Hurtado 0-0: Ball
1-0: Ball
2-0: Ball
3-0: Base on Balls
John Fitzgerald to second
Pinch Hitting: RHB Rafael Crus 0-0: SINGLE (Groundball, 56D)
Jim MacAchounich scores
John Fitzgerald to third
Miguel Hurtado to second
Runner from 3rd tries for Home, SAFE, throw made home
Pitching: RHP Thom Kennison
Batting: RHB Cole Boehmer 0-0: Swinging Strike
0-1: Foul Ball, location: 2F
0-2: Foul Ball, location: 2F
0-2: Foul Ball, location: 2F
0-2: Ball
1-2: Strikes out looking
Bottom of the 7th over - 3 runs, 3 hits, 1 error, 2 left on base; Kenosha 5 - El Paso 10
TOP OF THE 8TH
Kenosha Kingfish batting - Pitching for El Paso Texans : LHP Al Atkins
Pitching: RHP Patrick Bland
Now in CF: Rafael Crus
Batting: RHB Armando Arellano 0-0: Foul Ball, location: 2F
0-1: Ball
1-1: Foul Ball, location: 2F
1-2: Ball
2-2: Ground out 6-3 (Groundball, 6)
Batting: LHB Pat Williams 0-0: Ball
1-0: Ball
2-0: Called Strike
2-1: Foul Ball, location: 2F
2-2: Foul Ball, location: 2F
2-2: Strikes out swinging
Batting: LHB Juan Rodríguez 0-0: Called Strike
0-1: Ball
1-1: Foul Ball, location: 2F
1-2: SINGLE (Groundball, 34D)
Batting: LHB Justin McCoy 0-0: DOUBLE (Flyball, 8RXD)
Juan Rodríguez to third
Runner from 3rd tries for Home, SAFE, no throw
Batting: LHB Harry Davis 0-0: Foul Ball, location: 2F
0-1: Ball
1-1: Called Strike
1-2: Ground out U3 (Groundball, 3L)
Top of the 8th over - 1 run, 2 hits, 0 errors, 1 left on base; Kenosha 6 - El Paso 10
BOTTOM OF THE 8TH
El Paso Texans batting - Pitching for Kenosha Kingfish : RHP Thom Kennison
Batting: RHB Howard Lynch 0-0: Called Strike
0-1: Foul Ball, location: 2F
0-2: Ball
1-2: Foul Ball, location: 2F
1-2: Fly out, F8 (Flyball, 8LS)
Batting: RHB Domingo Morales 0-0: Called Strike
0-1: Fly out, F5 (Line Drive, 56)
Batting: RHB Jim MacAchounich 0-0: Ball
1-0: Foul Ball, location: 2F
1-1: Foul Ball, location: 2F
1-2: Ball
2-2: Foul Ball, location: 2F
2-2: Strikes out swinging
Bottom of the 8th over - 0 runs, 0 hits, 0 errors, 0 left on base; Kenosha 6 - El Paso 10
TOP OF THE 9TH
Kenosha Kingfish batting - Pitching for El Paso Texans : RHP Patrick Bland
Batting: RHB Juan Escalante 0-0: Ball
1-0: DOUBLE (Flyball, 78D)
Batting: RHB Jeff Navarro 0-0: Called Strike
0-1: Ball
1-1: SINGLE (Line Drive, 34D)
Juan Escalante to third
Batting: RHB Warren Strathbogie 0-0: Ball
1-0: Called Strike
1-1: Swinging Strike
1-2: Foul Ball, location: 2F
1-2: Foul Ball, location: 2F
1-2: Strikes out swinging
Batting: RHB Fernando Martínez 0-0: Ball
1-0: Foul Ball, location: 2F
1-1: Foul Ball, location: 2F
1-2: Foul Ball, location: 2F
1-2: Foul Ball, location: 2F
1-2: Ball
2-2: Ball
3-2: Strikes out swinging
Batting: RHB Armando Arellano 0-0: Called Strike
0-1: SINGLE (Groundball, 6S) (infield hit)
Juan Escalante scores
Jeff Navarro to second
Batting: LHB Pat Williams 0-0: Ball
1-0: Ground out 1-3 (Groundball, 13S)
Top of the 9th over - 1 run, 3 hits, 0 errors, 2 left on base; Kenosha 7 - El Paso 10
Saturday, April 7th, 2018 - OOTP Baseball 18.8 Build 76